 Dungeon Crawl Stone Soup version 0.27-a0-1193-g8631133539 (webtiles) character file.

Game seed: 10498093209568364093

340606 wakim the Warrior (level 22, -6/176 HPs)
             Began as a Djinni Conjurer on May 25, 2021.
             Was the Champion of Qazlal.
             Mangled by a war gargoyle
             ... wielding a +0 great mace
             ... led by a peacekeeper
              (48 damage)
             ... on level 2 of the Vaults.
             The game lasted 02:17:40 (43394 turns).

wakim the Warrior (Djinni Conjurer)                Turns: 43394, Time: 02:17:41

Health: -6/176     AC: 12    Str: 12    XL:     22   Next: 99%
Gold:   4618       EV: 19    Int: 33    God:    Qazlal [******] SH: 21 Dex: 15

rFire    + + +     SeeInvis +   a - +7 falchion "Osarudem" {drain, rF+ rC+ Dex+2}
rCold    + + .     Faith    .   e - +0 kite shield {reflect}
rNeg     + + .     Spirit   .   j - +0 troll leather armour
rPois    ∞         Reflect  +   G - +1 helmet {Int+3}
rElec    +         Harm     .   w - scarf {rC+ rF+}
rCorr    +         Rampage  .   q - +3 pair of gloves "Ogechap" {rCorr Int+3 SInv}
Will     +++..                  (boots unavailable)
Stlth    +.........             c - amulet of regeneration
HPRegen  2.39/turn              o - ring "Paeram" {Will+ SInv}
MPRegen  0.00/turn              z - ring "Keixat" {rC+ rN++ Str+6 Int-2 Stlth+}

@: protected from electricity, flying, repel missiles
A: sickness immunity, fire resistance 2, cold vulnerability 1, float, innate
caster, hp casting, extra vitality 1
}: 2/15 runes: decaying, serpentine
a: Renounce Religion, Upheaval, Elemental Force, Disaster Area


You were on level 2 of the Vaults.
You worshipped Qazlal.
Qazlal was exalted by your worship.
You visited 8 branches of the dungeon, and saw 37 of its levels.
You also visited: Bailey and Gauntlet.

You collected 6751 gold pieces.
You spent 2133 gold pieces at shops.

Inventory:

Hand Weapons
 a - the +7 falchion "Osarudem" (weapon) {drain, rF+ rC+ Dex+2}
   (You bought it in a shop on level 2 of the Orcish Mines)

   A truly terrible weapon, it drains the life of those it strikes.
   It affects your dexterity (+2).
   It protects you from fire.
   It protects you from cold.
 b - the +7 hunting sling of Fyhorphut {freeze, rF+ rN+ rCorr Dex-5}
   (You found it on level 4 of the Dungeon)

   It causes projectiles fired from it to freeze those they strike, causing
   extra injury to most foes and up to half again as much damage against
   particularly susceptible opponents.
   They can also slow down cold-blooded creatures.
   It affects your dexterity (-5).
   It protects you from fire.
   It protects you from negative energy.
   It protects you from acid and corrosion.
Missiles
 l - 335 sling bullets
 n - 6 throwing nets {=f!f}
 s - 5 curare-tipped darts {=f}
Armour
 e - a +0 kite shield of reflection (worn)
 j - a +0 troll leather armour (worn)
 q - the +3 pair of gloves "Ogechap" (worn) {rCorr Int+3 SInv}
   (You found it in a Gauntlet)

   It affects your intelligence (+3).
   It lets you see invisible.
   It protects you from acid and corrosion.
 w - a scarf of resistance (worn)
 G - a +1 helmet of intelligence (worn)
Jewellery
 c - an amulet of regeneration (around neck)
 g - a ring of wizardry
 h - a ring of willpower
 i - a +6 ring of intelligence
 k - a ring of protection from fire
 o - the ring "Paeram" (left hand) {Will+ SInv}
   (You acquired it on level 2 of the Elven Halls)

   [ring of see invisible]

   It lets you see invisible.
   It increases your willpower.
 p - an amulet of reflection
 z - the ring "Keixat" (right hand) {rC+ rN++ Str+6 Int-2 Stlth+}
   (You took it off a deep elf zephyrmancer on level 3 of the Elven Halls)

   [ring of strength]

   It affects your strength (+6).
   It affects your intelligence (-2).
   It protects you from cold.
   It greatly protects you from negative energy.
   It makes you more stealthy.
 K - a ring of positive energy
 L - a ring of protection from cold
Wands
 t - a wand of digging (16)
 u - a wand of mindburst (114)
 v - a wand of flame (57)
 y - a wand of paralysis (15)
 P - a wand of iceblast (47)
Scrolls
 d - a scroll of brand weapon
 f - 6 scrolls of enchant weapon
 m - 8 scrolls of enchant armour
 r - 14 scrolls of identify
 Q - a scroll of immolation {!r!r}
 R - 6 scrolls of magic mapping {!r}
 S - 2 scrolls of summoning
 T - 16 scrolls of teleportation
 U - 13 scrolls of fear
 V - 2 scrolls of vulnerability {!r!r}
 W - 3 scrolls of holy word
 X - 9 scrolls of fog
 Y - 2 scrolls of blinking {!r}
 Z - 2 scrolls of silence {!r}
Potions
 A - 5 potions of ambrosia
 B - a potion of attraction {!q}
 C - 4 potions of berserk rage {!q}
 D - 4 potions of brilliance
 E - 4 potions of cancellation
 F - 20 potions of curing
 H - 3 potions of haste
 I - 2 potions of invisibility
 J - 4 potions of heal wounds
 M - 5 potions of mutation {!q}
 N - 5 potions of might
 O - a potion of resistance


   Skills:
 + Level 20.5 Fighting
 + Level 5.2 Long Blades
 + Level 7.5 Armour
 - Level 15.0 Dodging
 - Level 1.5 Stealth
 - Level 15.0 Shields
 * Level 16.5 Spellcasting
 + Level 12.8 Invocations


You couldn't memorise any spells.
You knew the following spells:

 Your Spells              Type           Power      Damage    Failure   Level
a - Magic Dart            Conj           100%       1d8       0%          1
b - Dazzling Flash        Conj/Hex       100%       N/A       0%          3
c - Sting                 Tmut/Pois      100%       1d8       0%          1
d - Corpse Rot            Necr/Air       N/A        N/A       0%          2
e - Gell's Gravitas       Tloc           47%        N/A       0%          3
f - Summon Ice Beast      Ice/Summ       94%        N/A       1%          4
g - Bolt of Magma         Conj/Fire/Erth 47%        4d19      1%          5
h - Conjure Ball Lightni  Conj/Air       47%        3x3d16    1%          6
i - Iskenderun's Battles  Conj           94%        2d14      1%          5
j - Eringya's Noxious Bo  Tmut/Pois      47%        N/A       1%          6
k - Statue Form           Tmut/Erth      62%        N/A       1%          6
l - Necromutation         Tmut/Necr      47%        N/A       13%         8
s - Searing Ray           Conj           100%       3d7       0%          2
x - Iskenderun's Mystic   Conj/Tloc      94%        2d18      1%          4
z - Fulminant Prism       Conj/Hex       47%        3d21      1%          4
Your spell library was empty.

Dungeon Overview and Level Annotations

Branches:
Dungeon (15/15)            Temple (1/1) D:6            Lair (6/6) D:11
  Swamp (4/4) Lair:4        Snake (4/4) Lair:3        Slime (0/5) Lair:6
    Orc (2/2) D:12            Elf (3/3) Orc:2        Vaults (2/5) D:13
  Crypt (0/3) Vaults:2     Depths (0/5) D:15         Bailey (visited)
Gauntlet (visited)

Altars:
Ashenzari
Cheibriados
Dithmenos
Elyvilon
Fedhas
Gozag
Hepliaklqana
Kikubaaqudgha
Makhleb
Nemelex Xobeh
Okawaru
Qazlal
Ru
Sif Muna
Trog
Uskayaw
Vehumet
Wu Jian
Xom
Yredelemnul
Zin
The Shining One
Beogh
Jiyva

Shops:
D:5 !   D:7 *   D:8 ?*   Orc:2 !?(:[   Snake:2 !:[(   Snake:3 *([=*   Snake:4 *

Portals:
Trove: Elf:2 (give +3 fire dragon scales)

Annotations:
Vaults:1 36 runed doors


Innate Abilities, Weirdness & Mutations

You are immune to sickness and miasma.
You are immune to poison.
Your flesh is very heat resistant. (rF++)
You are vulnerable to cold. (rC-)
You float through the air rather than walking.
You learn spells naturally, not from books.
Your magical power is your life essence.
You have superior vitality. (+4 HP)


Message History

The peacekeeper is knocked back by the mystic blast.
The peacekeeper slams into the stone wall!
The mystic blast hits the crystal guardian!
The crystal guardian is moderately damaged.
The crystal guardian is knocked back by the mystic blast.
The mystic blast hits the ironbound thunderhulk!
The ironbound thunderhulk is lightly wounded.
The ironbound thunderhulk is knocked back by the mystic blast.
The mystic blast hits the boulder beetle but does no damage.
The boulder beetle is lightly wounded.
The mystic blast hits the war gargoyle but does no damage.
The war gargoyle is severely damaged.
The mystic blast hits the crystal guardian!!
You destroy the crystal guardian!
Qazlal accepts your kill. You block the boulder beetle's attack.
The war gargoyle hits you with a +0 great mace!!!
* * * LOW HITPOINT WARNING * * *
Your resistance to fire fades away.
You feel protected from physical attacks.
Casting: Iskenderun's Mystic Blast (safe; 1% risk of failure)
Confirm with . or Enter, or press ? or * to list all spells.
You erupt in a blast of force!
The mystic blast hits the peacekeeper!!
You destroy the peacekeeper!
Qazlal accepts your kill.
The mystic blast hits the boulder beetle!!
The boulder beetle is heavily wounded.
The boulder beetle is knocked back by the mystic blast.
The mystic blast hits the war gargoyle!
The war gargoyle is almost destroyed.
The war gargoyle is knocked back by the mystic blast.
The war gargoyle slams into the stone wall!
* * * LOW HITPOINT WARNING * * *
Electricity crackles from the ironbound thunderhulk's apparatus.
The bolt of lightning hits you!!
Your resistance to physical damage fades away.
You feel protected from electricity.
* * * LOW HITPOINT WARNING * * *
The war gargoyle hits you with a +0 great mace!!!
You die...

.... +...# ....
#...# .....#...#
...#...# .'...#
#.8.# #☼B.# #°☼9#
###########°@°#
..............# .#
...........°.○#..#
......O.......#..
#########'##...'..
...........#...#..#
...#...#...#...#..#
#...#...#...# ##
#...###.'...#


You could see an ironbound thunderhulk, a boulder beetle, a crystal guardian
(strong) and a war gargoyle (strong).

Vanquished Creatures
  Mara (Swamp:4)
  the Lernaean hydra (Swamp:4)
  Margery (Vaults:2)
  Jorgrun (D:14)
  Rupert (D:13)
  2 deep elf blademasters
  2 deep elf master archers (Elf:3)
  Agnes (D:14)
  Roxanne (D:14)
  2 fenstrider witches
  Kirke (Swamp:4)
  4 nagarajas
  A vault warden (Vaults:1)
  3 orc warlords
  2 deep elf sorcerers (Elf:3)
  2 deep elf elementalists
  An ironbound preserver (Vaults:1)
  2 ghouls (Vaults:2)
  3 very ugly things
  A deep elf demonologist (Elf:2)
  2 vampire knights (Vaults:2)
  Nessos (D:13)
  4 dire elephants
  11 deep elf annihilators
  4 bunyips
  A minotaur (Gauntlet)
  6 eleionomae
  4 crystal guardians (Vaults:2)
  2 great orbs of eyes (Vaults:2)
  8 deep elf death magi
  A vault guard (D:13)
  The ghost of Cralpanu the Cleaver, a journeyman HOFi of Uskayaw (D:10)
  A yaktaur captain (Vaults:1)
  22 hydras
  4 salamander tyrants
  2 boulder beetles
  3 deep elf high priests
  Fannar (Lair:3)
  2 rakshasas (D:15)
  13 naga warriors
  2 peacekeepers (Vaults:2)
  3 ironbound thunderhulks (Vaults:1)
  2 ironbound frosthearts (Vaults:1)
  The ghost of rigao the Cudgeller, a novice TrHu (Lair:1)
  7 centaur warriors
  8 anacondas
  3 ghost crabs
  A boulder beetle (shapeshifter) (D:15)
  6 two-headed ogres
  2 death knights (D:13)
  10 death yaks
  10 naga sharpshooters
  6 tengu warriors
  15 alligators
  31 dancing weapons
  4 ironbound beastmasters
  5 shock serpents
  4 orc high priests
  20 deep elf knights
  9 hell knights
  The ghost of jordank93 the Slasher, a novice HuBe of Trog (D:8)
  2 spriggan druids
  12 bog bodies
  2 glowing orange brains
  5 deep trolls (Vaults:1)
  6 goliath frogs
  9 swamp dragons
  A wizard (D:14)
  6 naga ritualists
  4 ironbound convokers
  A necromancer (Gauntlet)
  23 deep elf pyromancers
  21 deep elf archers
  12 orc knights
  10 lindwurms
  3 harpies (Vaults:2)
  A phantasmal warrior (D:13)
  4 orc sorcerers (Orc:2)
  31 deep elf zephyrmancers
  12 mana vipers
  4 will-o-the-wisps
  A human zombie (Vaults:2)
  12 ugly things
  3 cyclopes
  10 salamanders
  2 manticores
  9 elephants (Lair:6)
  33 black mambas
  5 vault sentinels
  2 black mambas (shapeshifter) (D:10)
  2 guardian serpents
  18 naga magi
  A gargoyle (D:13)
  Maurice (D:12)
  24 cane toads
  2 torpor snails
  7 yaktaurs (Vaults:1)
  6 rime drakes
  An unseen horror (D:13)
  3 efreet
  6 freezing wraiths
  10 komodo dragons
  5 tengu conjurers
  A yaktaur skeleton (Vaults:2)
  3 bloated husks
  12 hornets
  7 meliai
  5 trolls
  12 polar bears
  4 tyrant leeches
  A raiju (shapeshifter) (D:10)
  20 blink frogs
  2 dream sheep (Lair:6)
  51 slime creatures
  A centaur simulacrum (D:14)
  An air elemental (Elf:1)
  21 spriggans
  5 wraiths
  Sigmund (D:8)
  3 wyverns
  61 yaks
  A vampire (D:13)
  2 shadows
  11 humans (D:13)
  A water elemental (Elf:1)
  Grum (D:10)
  5 hogs (Swamp:4)
  7 basilisks
  A fire elemental (Elf:1)
  22 vampire mosquitoes
  A neqoxec (D:10)
  35 nagas
  16 swamp worms
  14 water moccasins
  4 wargs
  Edmund (D:4)
  An acid dragon (D:11)
  Duvessa (D:4)
  34 orc warriors
  A meliai simulacrum (D:15)
  A black mamba simulacrum (Lair:1)
  7 swamp drakes
  7 black bears
  7 ogres
  2 necrophages (D:5)
  A centaur (shapeshifter) (Elf:3)
  11 boggarts
  11 centaurs
  50 wolves
  2 phantoms
  A kobold brigand (D:5)
  3 earth elementals
  A gnoll sergeant (D:9)
  12 bullfrogs
  2 scorpions
  A water moccasin zombie (D:5)
  A glowing shapeshifter simulacrum (Vaults:2)
  Dowan (D:4)
  A dream sheep simulacrum (Lair:1)
  2 howler monkeys (D:12)
  2 lava snakes (D:13)
  2 centaur zombies
  A bullfrog zombie (D:5)
  10 jellies
  3 hounds
  Crazy Yiuf (D:2)
  14 orc priests
  A gnoll shaman (D:8)
  3 water moccasin simulacra (Lair:1)
  Ijyb (D:4)
  An iguana (D:4)
  10 orc wizards
  Natasha (thrice) (D:4)
  2 yak simulacra (Lair:1)
  A killer bee zombie (D:8)
  A bullfrog simulacrum (Lair:1)
  A hound skeleton (D:5)
  2 howler monkey zombies (D:9)
  6 adders
  28 gnolls
  2 shadow imps
  2 white imps (D:8)
  An ufetubus (D:6)
  A worm (D:4)
  6 dart slugs
  77 orcs
  A ball python (D:2)
  5 bats
  7 endoplasms
  6 giant cockroaches
  32 hobgoblins
  19 jackals
  2 quokkas
  3 frilled lizards
  18 goblins
  7 kobolds
  A quokka skeleton (D:4)
  5 rats
  A bush (Swamp:4)
  2 butterflies (Lair:4)
  A fungus (Lair:6)
1394 creatures vanquished.

Vanquished Creatures (others)
  Nikola (Elf:3)
  2 orc warlords (Orc:2)
  A naga warrior (Snake:4)
  An ironbound beastmaster (Vaults:2)
  2 naga sharpshooters (Snake:4)
  A deep elf knight (Elf:1)
  A salamander mystic (Snake:4)
  2 orc knights (Orc:2)
  A necromancer (Vaults:2)
  An orc sorcerer (Orc:2)
  A deep elf pyromancer (Elf:1)
  4 salamanders
  An ugly thing (D:15)
  A deep elf zephyrmancer (Elf:3)
  2 naga magi
  A yaktaur (Vaults:1)
  A slime creature (Vaults:2)
  A water elemental (Elf:2)
  A hog (Swamp:4)
  A human (Swamp:4)
  7 wargs
  A swamp drake (Swamp:4)
  15 orc warriors (Orc:2)
  2 ogres (Orc:1)
  2 orc priests
  5 orc wizards (Orc:2)
  20 orcs
  30 ball lightnings
  8 foxfires
  11 fulminant prisms
  46 fungi
  115 plants
289 creatures vanquished.

Grand Total: 1683 creatures vanquished

Notes
Turn   | Place    | Note
-------+----------+-------------------------------------------
     0 | D:1      | wakim the Djinni Conjurer began the quest for the Orb.
     0 | D:1      | Reached XP level 1. HP: 15/15 MP: 0/0
   463 | D:1      | Reached XP level 2. HP: 18/22 MP: 0/0
   610 | D:1      | Reached skill level 1 in Fighting
  1025 | D:1      | Reached XP level 3. HP: 23/27 MP: 0/0
  1025 | D:1      | Learned a level 1 spell: Sting
  1147 | D:1      | Reached skill level 1 in Shields
  1561 | D:1      | Reached XP level 4. HP: 29/32 MP: 0/0
  1915 | D:1      | Found a faded altar of an unknown god.
  2438 | D:2      | Found a shimmering altar of Xom.
  2478 | D:2      | Found a runed translucent door.
  2479 | D:2      | Noticed Crazy Yiuf
  2484 | D:2      | Killed Crazy Yiuf
  2485 | D:2      | Reached XP level 5. HP: 35/38 MP: 0/0
  2485 | D:2      | Learned a level 2 spell: Corpse Rot
  3269 | D:3      | Reached skill level 2 in Fighting
  4146 | D:4      | Reached XP level 6. HP: 39/43 MP: 0/0
  4149 | D:4      | Identified the +7 hunting sling of Fyhorphut {freeze, rF+
                  | rN+ rCorr Dex-5}
  4658 | D:4      | Noticed Duvessa
  4658 | D:4      | Noticed Dowan
  5348 | D:4      | Reached XP level 7. HP: 32/49 MP: 0/0
  5348 | D:4      | Learned a level 3 spell: Gell's Gravitas
  5440 | D:4      | Killed Duvessa
  5441 | D:4      | Reached skill level 3 in Fighting
  5648 | D:4      | Killed Dowan
  5649 | D:4      | Reached skill level 5 in Spellcasting
  5844 | D:4      | Noticed Ijyb
  5848 | D:4      | Killed Ijyb
  6013 | D:4      | Noticed Edmund
  6051 | D:4      | Killed Edmund
  6052 | D:4      | Reached XP level 8. HP: 25/56 MP: 0/0
  6461 | D:4      | Noticed Natasha
  6473 | D:4      | Killed Natasha
  6530 | D:4      | Noticed Natasha
  6533 | D:4      | Killed Natasha
  6667 | D:5      | Entered Level 5 of the Dungeon
  6989 | D:4      | Noticed Natasha
  6993 | D:4      | Killed Natasha
  6994 | D:4      | Reached skill level 5 in Shields
  7188 | D:5      | Found Soaz's Distillery.
  7463 | D:5      | Reached skill level 4 in Fighting
  7742 | D:5      | Identified the +10 plate armour of Sunlight {Harm rC-
                  | Int+8}
  7828 | D:5      | Noticed a wraith
  7846 | D:5      | Killed a wraith
  7847 | D:5      | Reached XP level 9. HP: 50/63 MP: 0/0
  7847 | D:5      | Learned a level 4 spell: Summon Ice Beast
  8973 | D:6      | Reached skill level 5 in Fighting
  9278 | D:6      | Found a staircase to the Ecumenical Temple.
  9286 | Temple   | Entered the Ecumenical Temple
  9863 | Temple   | Became a worshipper of Qazlal Stormbringer
 10910 | D:7      | Found Vaxorrat's General Store.
 10914 | D:7      | Bought a scroll of identify for 24 gold pieces
 11314 | D:8      | Found Apuidgh's Magic Scroll Emporium.
 11370 | D:8      | Noticed a slime creature
 11371 | D:8      | Found a runed translucent gate.
 11371 | D:8      | Found a runed translucent gate.
 11371 | D:8      | Noticed jordank93's ghost (novice HuBe)
 11372 | D:8      | Found a runed translucent gate.
 11373 | D:8      | Found a viscous altar of Jiyva.
 11442 | D:8      | Noticed a two-headed ogre
 11447 | D:8      | Killed a two-headed ogre
 11448 | D:8      | Reached XP level 10. HP: 72/72 MP: 0/0
 11626 | D:8      | Noticed a two-headed ogre
 11635 | D:8      | Killed a two-headed ogre
 11636 | D:8      | Reached skill level 6 in Fighting
 11871 | D:8      | Found Taiminom's Assorted Antiques.
 11881 | D:8      | Bought a shiny kite shield for 165 gold pieces
 11933 | D:8      | Noticed Sigmund
 11937 | D:8      | Killed Sigmund
 12020 | D:9      | Reached * piety under Qazlal
 12037 | D:9      | Reached skill level 1 in Invocations
 12286 | D:9      | Found an iron altar of Okawaru.
 12812 | D:10     | Entered Level 10 of the Dungeon
 12826 | D:10     | Found a runed translucent gate.
 12827 | D:10     | Found a runed translucent gate.
 12827 | D:10     | Found a runed translucent gate.
 12829 | D:10     | Noticed a red ugly thing
 12829 | D:10     | Noticed a glowing orange brain
 12829 | D:10     | Noticed a brown ugly thing
 12829 | D:10     | Noticed a purple ugly thing
 12972 | D:10     | Reached skill level 7 in Fighting
 12972 | D:10     | Reached XP level 11. HP: 75/79 MP: 0/0
 12972 | D:10     | Learned a level 5 spell: Iskenderun's Battlesphere
 13008 | D:10     | Noticed a two-headed ogre
 13023 | D:10     | Killed a two-headed ogre
 13032 | D:10     | Noticed Grum
 13042 | D:10     | Killed Grum
 13043 | D:10     | Found a flagged portal.
 13053 | Bailey   | Entered a bailey
 13093 | Bailey   | Reached ** piety under Qazlal
 13179 | Bailey   | Noticed an orc knight
 13191 | Bailey   | Killed an orc knight
 13192 | Bailey   | Reached skill level 8 in Fighting
 13195 | Bailey   | Reached *** piety under Qazlal
 13393 | Bailey   | Noticed an orc warlord
 13417 | Bailey   | Killed an orc warlord
 13512 | Bailey   | Identified a scroll of acquirement
 13512 | Bailey   | Acquired 1110 gold pieces
 13534 | Bailey   | Reached skill level 9 in Fighting
 13534 | Bailey   | Reached skill level 10 in Shields
 13534 | Bailey   | Reached XP level 12. HP: 91/91 MP: 0/0
 13825 | D:7      | Bought a wand of digging (4) for 192 gold pieces
 13907 | D:8      | Killed jordank93's ghost
 13908 | D:8      | Reached skill level 5 in Invocations
 14530 | D:11     | Identified the +8 glaive of the Coward {drain, Will+}
 14650 | D:11     | Found a staircase to the Lair.
 14910 | D:11     | Reached skill level 10 in Fighting
 14910 | D:11     | Reached XP level 13. HP: 93/96 MP: 0/0
 14910 | D:11     | Learned a level 5 spell: Bolt of Magma
 15300 | D:12     | Reached **** piety under Qazlal
 15301 | D:12     | Reached skill level 10 in Spellcasting
 15381 | D:12     | Found a gate leading to a gauntlet.
 15393 | D:12     | Noticed Maurice
 15399 | D:12     | Killed Maurice
 15403 | Gauntlet | Entered a Gauntlet
 15403 | Gauntlet | Found a transporter.
 15403 | Gauntlet | Found a transporter.
 15403 | Gauntlet | Found a transporter.
 15422 | Gauntlet | Found a transporter.
 15422 | Gauntlet | Found a transporter.
 15437 | Gauntlet | Found a transporter.
 15441 | Gauntlet | Found a transporter.
 15496 | Gauntlet | Found a transporter.
 15507 | Gauntlet | Found a transporter.
 15522 | Gauntlet | Found a transporter.
 15533 | Gauntlet | Found a transporter.
 15547 | Gauntlet | Found a transporter.
 15732 | Gauntlet | Identified the +3 pair of gloves "Ogechap" {rCorr Int+3
                  | SInv}
 15804 | Gauntlet | Noticed a minotaur
 15807 | Gauntlet | Killed a minotaur
 15883 | D:12     | Reached skill level 11 in Fighting
 16208 | D:12     | Found a viscous altar of Jiyva.
 16504 | D:12     | Found a staircase to the Orcish Mines.
 16582 | Lair:1   | Entered Level 1 of the Lair of Beasts
 16732 | Lair:1   | Reached ***** piety under Qazlal
 16965 | Lair:1   | Reached XP level 14. HP: 99/105 MP: 0/0
 17054 | Lair:1   | Found a runed translucent gate.
 17054 | Lair:1   | Found a runed translucent gate.
 17054 | Lair:1   | Found a runed translucent gate.
 17172 | Lair:1   | Noticed rigao's ghost (novice TrHu)
 17362 | Lair:1   | Killed rigao's ghost
 18044 | Lair:2   | Reached skill level 12 in Fighting
 18814 | Lair:3   | Noticed Fannar
 18820 | Lair:3   | Killed Fannar
 18959 | Lair:3   | Found a staircase to the Snake Pit.
 19358 | Lair:4   | Reached XP level 15. HP: 92/113 MP: 0/0
 19358 | Lair:4   | Learned a level 6 spell: Conjure Ball Lightning
 19400 | Lair:4   | Reached ****** piety under Qazlal
 19924 | Lair:4   | Found a staircase to the Swamp.
 21262 | Lair:6   | Entered Level 6 of the Lair of Beasts
 21271 | Lair:6   | Reached skill level 13 in Fighting
 21809 | Lair:6   | Reached skill level 10 in Dodging
 22034 | Lair:6   | Reached XP level 16. HP: 97/121 MP: 0/0
 22530 | Lair:6   | Found a viscous altar of Jiyva.
 22530 | Lair:6   | Found a staircase to the Slime Pits.
 22704 | D:13     | Noticed Rupert
 22705 | D:13     | Noticed Nessos
 22746 | D:13     | HP: 1/122 [mirror damage (7)]
 22971 | D:13     | Killed Nessos
 22972 | D:13     | Reached skill level 14 in Fighting
 23057 | D:13     | Paralysed by Rupert for 5 turns
 23064 | D:13     | Killed Rupert
 23498 | D:13     | Found a gate to the Vaults.
 24122 | D:14     | Noticed Roxanne
 24125 | D:14     | Noticed Jorgrun
 24223 | D:14     | Noticed Agnes
 24270 | D:14     | Killed Agnes
 24327 | D:14     | Killed Jorgrun
 24328 | D:14     | Reached XP level 17. HP: 116/130 MP: 0/0
 24328 | D:14     | Learned a level 6 spell: Eringya's Noxious Bog
 24573 | D:14     | Reached skill level 10 in Invocations
 24601 | D:14     | Found a shimmering altar of Xom.
 24906 | D:14     | You are sucked into a shaft and drop 1 floor!
 24906 | D:15     | Entered Level 15 of the Dungeon
 26108 | D:15     | Reached skill level 15 in Fighting
 26127 | D:15     | Found a staircase to the Depths.
 26839 | D:10     | Found a runed translucent gate.
 26839 | D:10     | Found a runed translucent gate.
 26857 | D:10     | Found a runed translucent gate.
 26857 | D:10     | Noticed Cralpanu's ghost (journeyman HOFi)
 26883 | D:10     | Reached skill level 1 in Armour
 26904 | D:10     | Killed Cralpanu's ghost
 27091 | D:14     | Killed Roxanne
 27276 | Orc:1    | Entered Level 1 of the Orcish Mines
 27718 | Orc:2    | Entered Level 2 of the Orcish Mines
 27896 | Orc:2    | Found Xocw's Armour Boutique.
 27936 | Orc:2    | Found a staircase to the Elven Halls.
 28343 | Orc:2    | Paralysed by an orc sorcerer for 5 turns
 28758 | Orc:2    | Found Fuxo's Magic Scroll Shoppe.
 28758 | Orc:2    | Found Rockoass's Distillery.
 28773 | Orc:2    | Found Vimpos's Book Shoppe.
 28773 | Orc:2    | Found Cautrim's Weapon Shop.
 28779 | Orc:2    | Bought a scroll of acquirement for 572 gold pieces
 28939 | Orc:2    | Bought the +7 falchion "Osarudem" {drain, rF+ rC+ Dex+2}
                  | for 1180 gold pieces
 29345 | Swamp:1  | Entered Level 1 of the Swamp
 29429 | Swamp:1  | Reached XP level 18. HP: 109/138 MP: 0/0
 29692 | Swamp:1  | Acquired a manual of Fighting
 30428 | Swamp:3  | Reached skill level 16 in Fighting
 30871 | Swamp:4  | Entered Level 4 of the Swamp
 30871 | Swamp:4  | Noticed Mara
 30877 | Swamp:4  | Noticed wakim's illusion
 31016 | Swamp:4  | Noticed wakim's illusion
 31054 | Swamp:4  | Noticed wakim's illusion
 31145 | Swamp:4  | Killed Mara
 31182 | Swamp:4  | Noticed Kirke
 31189 | Swamp:4  | Killed Kirke
 31195 | Swamp:4  | Reached XP level 19. HP: 105/147 MP: 0/0
 31195 | Swamp:4  | Learned a level 6 spell: Statue Form
 31264 | Swamp:4  | Reached skill level 5 in Armour
 31269 | Swamp:4  | Reached skill level 17 in Fighting
 31433 | Swamp:4  | Noticed the 27-headed Lernaean hydra
 31444 | Swamp:4  | Killed the 27-headed Lernaean hydra
 31528 | Swamp:4  | Got a decaying rune of Zot
 31968 | Snake:1  | Entered Level 1 of the Snake Pit
 32679 | Snake:2  | Found Naupau's Distillery.
 32687 | Snake:2  | Found Wiylir's Book Shop.
 32688 | Snake:2  | Found Fumevuu's Armour Boutique.
 32858 | Snake:2  | Found Uteumuup's Antique Weapon Emporium.
 32876 | Snake:2  | Identified the +10 trident of the Dragonfly {vorpal, *Slow
                  | Will+++ Int+6 Stlth-}
 32896 | Snake:2  | Identified the +0 pair of gloves of Sin {Str+3 Int-5 Dex+2
                  | Slay+2}
 33443 | Snake:3  | Reached skill level 15 in Shields
 33482 | Snake:3  | Found Tosoma Juokk's Jewellery Emporium.
 33482 | Snake:3  | Found Onagi's General Store.
 33483 | Snake:3  | Found Buesosost's Antique Armour Emporium.
 33485 | Snake:3  | Found Esess's Weapon Shoppe.
 33588 | Snake:3  | Reached skill level 18 in Fighting
 33970 | Snake:3  | Found Maigegh's Assorted Antiques.
 34685 | Snake:4  | Entered Level 4 of the Snake Pit
 34927 | Snake:3  | Reached XP level 20. HP: 128/158 MP: 0/0
 35221 | Snake:4  | Reached skill level 19 in Fighting
 35221 | Snake:4  | Reached skill level 15 in Spellcasting
 35639 | Snake:4  | Got a serpentine rune of Zot
 35719 | Snake:4  | Found Deisin's General Store.
 36097 | Vaults:1 | Entered Level 1 of the Vaults
 37530 | Vaults:1 | Found a huge runed gate.
 37530 | Vaults:1 | Found a huge runed gate.
 37530 | Vaults:1 | Found a huge runed gate.
 37530 | Vaults:1 | Found a huge runed gate.
 37530 | Vaults:1 | Found a huge runed gate.
 37531 | Vaults:1 | Found a huge runed gate.
 37531 | Vaults:1 | Found a huge runed gate.
 37531 | Vaults:1 | Found a huge runed gate.
 37531 | Vaults:1 | Found a huge runed gate.
 37531 | Vaults:1 | Found a huge runed gate.
 37538 | Vaults:1 | Found a huge runed gate.
 37538 | Vaults:1 | Found a huge runed gate.
 37538 | Vaults:1 | Found a huge runed gate.
 37538 | Vaults:1 | Found a huge runed gate.
 37538 | Vaults:1 | Found a huge runed gate.
 37539 | Vaults:1 | Found a huge runed gate.
 37540 | Vaults:1 | Found a huge runed gate.
 37541 | Vaults:1 | Found a huge runed gate.
 37542 | Vaults:1 | Found a huge runed gate.
 37550 | Vaults:1 | Found a huge runed gate.
 37550 | Vaults:1 | Found a huge runed gate.
 37550 | Vaults:1 | Found a huge runed gate.
 37550 | Vaults:1 | Found a huge runed gate.
 37550 | Vaults:1 | Found a huge runed gate.
 37550 | Vaults:1 | Found a huge runed gate.
 37551 | Vaults:1 | Found a huge runed gate.
 37552 | Vaults:1 | Found a huge runed gate.
 37553 | Vaults:1 | Found a huge runed gate.
 37561 | Vaults:1 | Found a huge runed gate.
 37561 | Vaults:1 | Found a huge runed gate.
 37561 | Vaults:1 | Found a huge runed gate.
 37561 | Vaults:1 | Found a huge runed gate.
 37561 | Vaults:1 | Found a huge runed gate.
 37561 | Vaults:1 | Found a huge runed gate.
 37562 | Vaults:1 | Found a huge runed gate.
 37563 | Vaults:1 | Found a huge runed gate.
 38178 | Elf:1    | Entered Level 1 of the Elven Halls
 38197 | Elf:1    | Reached XP level 21. HP: 166/166 MP: 0/0
 38197 | Elf:1    | Learned a level 8 spell: Necromutation
 39112 | Elf:1    | Reached skill level 1 in Long Blades
 39553 | Elf:2    | Found a portal to a secret trove of treasure.
 39704 | Elf:2    | Found a huge runed translucent gate.
 39704 | Elf:2    | Found a huge runed translucent gate.
 39704 | Elf:2    | Found a huge runed translucent gate.
 39704 | Elf:2    | Found a huge runed translucent gate.
 39704 | Elf:2    | Found a huge runed translucent gate.
 40129 | Elf:2    | Reached skill level 20 in Fighting
 40603 | Elf:3    | Entered Level 3 of the Elven Halls
 40620 | Elf:3    | Noticed Nikola
 40640 | Elf:3    | Killed Nikola
 40993 | Elf:3    | Reached XP level 22. HP: 175/175 MP: 0/0
 41581 | Elf:3    | Identified the ring "Keixat" {rC+ rN++ Str+6 Int-2 Stlth+}
 41619 | Elf:2    | Acquired the ring "Paeram" {Will+ SInv}
 41727 | Elf:3    | Identified the +9 rapier "Ithutoam" {holy, rF+ rC+ rN+}
 41812 | Elf:3    | Identified the Tome of Enthralling Calling
 41885 | Elf:3    | Identified the +2 ring mail "Ume Feomn" {rElec rPois rF++}
 41889 | Elf:3    | Identified the +10 scimitar "Caiq Gut" {drain, *Rage
                  | *Corrode +Rage Int+5}
 42624 | Vaults:2 | Noticed Margery
 42661 | Vaults:2 | Killed Margery
 42804 | Vaults:2 | Found a staircase to the Crypt.
 42873 | Vaults:2 | Reached skill level 15 in Dodging
 43155 | Vaults:2 | Reached skill level 5 in Long Blades
 43394 | Vaults:2 | Mangled by a war gargoyle

Illustrated notes

Levels and vault maps discovered:
D:1:      matt_arrival_refuge, layout_basic,
          hellmonk_ecumenical_altar_inner_sanctum
D:2:      layout_basic, basic_altar, uniq_crazy_yiuf_cottage
D:3:      layout_basic, serial_bayou_pond_c
D:4:      layout_loops_ring, kennysheep_cluttered_room, nrook_loot_triangle,
          uniq_natasha, uniq_edmund, uniq_ijyb, uniq_duvessa
D:5:      layout_basic, serial_shops, shop, lexackson_kobold_supper
D:6:      layout_layer_cave, minmay_temple_entry_trees
D:7:      layout_loops_corners, serial_shops, shop
D:8:      layout_rooms, serial_shops, shop, shop, gammafunk_ghost_ooze,
          nicolae_wwwww, dk_noncrumbling_3, sigmund_army
D:9:      layout_gridville, okawaru_altar_gauntlet_db, minivault_26
D:10:     layout_roguey, enter_bailey_3,
          ploomutoo_gammafunk_ghost_potion_laboratory, library_closet,
          due_unseen_surprise, uniq_grum
D:11:     layout_irregular_city, erik_lair_orcish_takeover
D:12:     layout_long_grid, hiddenorc1_lemuel, gauntlet_entry_generic,
          jiyva_altar_1, uniq_maurice
D:13:     kennysheep_scales, layout_cave_pools, ximxim_vaults_locker_room,
          special_room [special_room_orc], uniq_nessos, uniq_rupert
D:14:     layout_small_grid, serial_bayou_pond_d, drop_trap,
          xom_confusion_cloud, uniq_roxanne, uniq_agnes, uniq_jorgrun
D:15:     gammafunk_enter_depths_forms, layout_stronghold,
          kiku_gazebo_pond_becter, roderic_serpentine_path
Temple:   regret_index_temple_sigil_plot
Lair:1:   layout_regular_city, gammafunk_ghost_icy, st_stairs_13,
          lemuel_fruit_tree, serial_bayou_shore_b
Lair:2:   layout_cave_pods, cheibrodos_lair_lostbears
Lair:3:   cheibrodos_lair_overgrown_chateau, layout_hall_layers,
          dummy_snake_entry, uniq_fannar
Lair:4:   layout_roguey, minmay_swamp_entry_swarm, wad_woods_02,
          lemuel_fruit_fields
Lair:5:   layout_cave_pods, infiniplex_staircase_pool_2
Lair:6:   minmay_lair_end_enchanted_forest, layout_cave_shapes,
          dpeg_slime_entry_enclosed_altar, grunt_forest_stairs_basic
Swamp:1:  layout_falls_marsh, nicolae_swamp_little_tower, swamp_pool1
Swamp:2:  layout_basic_swamp, evilmike_swamp_ruin_house_4, swamp_pool4
Swamp:3:  layout_basic_swamp, nicolae_swamp_well_well_well
Swamp:4:  grunt_swamp_rune_castle, layout_basic_swamp, uniq_mara, uniq_kirke
Snake:1:  layout_rooms
Snake:2:  layout_onion, serial_shops, shop, grunt_ministairs_8, minmay_shop_star
Snake:3:  layout_layer_cave, serial_shops, shop, minmay_shoptagon
Snake:4:  snake_pit, layout_cave_town, serial_shops, shop
Orc:1:    layout_caves, bh_open_orc_temple
Orc:2:    grunt_orc_tribal_feast, layout_diamond_mine, serial_shops,
          nicolae_shop_statue_plus, minmay_orc_treasury
Elf:1:    eino_elf_arrival_the_gate, layout_gridlike, evilmike_minifort,
          st_stairs_10, grunt_megastairs_2
Elf:2:    layout_geoelf_grid, nicolae_trove_entry_free_sample
Elf:3:    elf_hall, layout_loops_corners, uniq_nikola
Vaults:1: hangedman_vaults_nodes, vaults_mumra_chevron_long,
          hangedman_vaults_capsules, ontoclasm_vaults_chip,
          ontoclasm_vaults_loading_screen, vaults_room_grid,
          nicolae_vaults_asterisk, v_rooms_6, vaults_not_door_vault_due,
          dpeg_vaults_monster_row, hangedman_vaults_pinch, v_misc_24,
          nicolae_vaults_ring_of_whatevers, vaults_dpeg_cross,
          vaults_room_pools, nicolae_vaults_rhombus_6, layout_vaults_omnibox
Vaults:2: vaults_room_boxed, nicolae_vaults_little_squares_6, v_misc_2,
          minmay_crypt_entry_simple_round, vaults_dpeg_hooks, v_alt_pattern_6,
          layout_vaults_omnigrid, uniq_margery

Skill      XL: |  1  2  3  4  5  6  7  8  9 10 11 12 13 14 15 16 17 18 19 20 21 22 |
---------------+-------------------------------------------------------------------+-----
Fighting       | 1 2 3 4 5 7 9 10 11 12 13 14 15 16 18 19 20 | 20.5
Shields        | 1 2 3 4 6 8 9 10 11 12 13 14 15 | 15.0
Spellcasting   | 4 5 6 7 8 9 10 11 12 13 14 15 16 | 16.5
Invocations    | 1 4 5 6 7 8 9 10 11 12 | 12.8
Dodging        | 3 6 7 9 10 11 12 13 14 15 | 15.0
Armour         | 2 4 6 7 |  7.5
Long Blades    | 3 5 |  5.2
Stealth        | |  1.5

Action                   |  1- 3 |  4- 6 |  7- 9 | 10-12 | 13-15 | 16-18 | 19-21 | 22-24 || total
-------------------------+-------+-------+-------+-------+-------+-------+-------+-------++-------
Melee: Hunting sling     |       |       |       |       |     1 |     8 |       |       ||     9
       Falchion          |       |       |       |       |       |       |    26 |       ||    26
 Fire: Hunting sling     |       |       |    15 |     1 |       |     1 |       |       ||    17
 Cast: Magic Dart        |    41 |    45 |       |    16 |     3 |       |       |       ||   105
       Searing Ray       |     7 |    29 |    58 |    58 |    16 |     1 |       |       ||   169
       Sting             |       |       |     5 |       |       |       |       |       ||     5
       Iskenderun's Myst |       |       |     1 |    31 |   137 |   134 |    93 |    45 ||   441
       Fulminant Prism   |       |       |       |     2 |       |     9 |       |       ||    11
       Iskenderun's Batt |       |       |       |    21 |    12 |     1 |     1 |       ||    35
       Bolt of Magma     |       |       |       |       |   238 |   447 |   558 |   194 ||  1437
       Summon Ice Beast  |       |       |       |       |     1 |     3 |       |       ||     4
       Conjure Ball Ligh |       |       |       |       |     2 |     7 |     2 |       ||    11
       Eringya's Noxious |       |       |       |       |       |    24 |     5 |     6 ||    35
       Statue Form       |       |       |       |       |       |       |    21 |     4 ||    25
       Dazzling Flash    |       |       |       |       |       |       |     1 |       ||     1
Invok: Upheaval          |       |       |       |     2 |       |       |       |       ||     2
  Use: Scroll            |       |     2 |     8 |     8 |     7 |     5 |     3 |     2 ||    35
       Potion            |       |       |       |     1 |     1 |       |       |       ||     2
Armor: Robe              |       |     7 |    10 |     6 |       |       |       |       ||    23
       Troll leather arm |       |       |       |       |    54 |    56 |    42 |     6 ||   158
       Skin              |       |       |       |       |       |       |    68 |    13 ||    81
Dodge: Dodged            |    13 |     8 |    19 |    15 |    68 |    91 |   194 |    61 ||   469
       Repelled          |       |       |       |       |     1 |    10 |    32 |     8 ||    51
Block: Kite shield       |       |     6 |    26 |    38 |   188 |   200 |   453 |   101 ||  1012
       Reflection        |       |       |       |    10 |     3 |    32 |   143 |    22 ||   210
       Rpst.: Falchion   |       |       |       |       |       |     2 |    21 |     5 ||    28

Table legend: (Time is in decaauts)
 A = Elapsed time spent in this place.
 B = Non-inter-level travel time spent in this place.
 C = Inter-level travel time spent in this place.
 D = Time resting spent in this place.
 E = Time spent auto-exploring this place.
 F = Levels seen in this place.
 G = Mean time per level.
                   A        B        C        D        E       F      G
               +--------+--------+--------+--------+--------+-----+--------+
         Total |  44204 |  40384 |   3820 |   2411 |  30456 |  39 | 1133.4 |
       Dungeon |  20032 |  18151 |   1881 |   1365 |  14038 |  15 | 1335.5 |
        Temple |    591 |    535 |     56 |      0 |    328 |   1 |  591.0 |
          Lair |   6348 |   5794 |    554 |    132 |   4773 |   6 | 1058.0 |
         Swamp |   2557 |   2359 |    198 |    177 |   1601 |   4 |  639.2 |
     Snake Pit |   4002 |   3771 |    231 |    153 |   3033 |   4 | 1000.5 |
  Orcish Mines |   1955 |   1704 |    251 |     49 |   1256 |   2 |  977.5 |
   Elven Halls |   4737 |   4462 |    275 |    415 |   2976 |   3 | 1579.0 |
        Vaults |   3078 |   2707 |    371 |     73 |   1995 |   2 | 1539.0 |
        Bailey |    486 |    486 |      0 |     47 |    218 |   1 |  486.0 |
      Gauntlet |    414 |    414 |      0 |      0 |    238 |   1 |  414.0 |
               +--------+--------+--------+--------+--------+-----+--------+

Top non-repeatable levels by time:
     D:1: 2174 daAuts
Vaults:1: 2045 daAuts
     D:4: 2005 daAuts
     D:3: 1814 daAuts
    D:15: 1771 daAuts
   Elf:2: 1703 daAuts
   Elf:1: 1694 daAuts
     D:5: 1627 daAuts
 Snake:3: 1494 daAuts
    D:13: 1406 daAuts
    D:12: 1377 daAuts
   Elf:3: 1339 daAuts
   Orc:2: 1337 daAuts
  Lair:5: 1229 daAuts
     D:6: 1209 daAuts
